 Dungeon Crawl Stone Soup version 0.21-a0-404-g291f19a (webtiles) character file.

4228 nikopol the Thaumaturge (level 10, 0/53 HPs)
             Began as a Deep Elf Fire Elementalist on Oct 28, 2017.
             Was a Priest of Sif Muna.
             Succumbed to a hornet's poison
             ... on level 8 of the Dungeon.
             The game lasted 00:44:33 (9157 turns).

nikopol the Thaumaturge (DEFE)                      Turns: 9157, Time: 00:44:34

Health: 0/53       AC:  4    Str:  5    XL:     10   Next: 9%
Magic:  6/26       EV: 16    Int: 24    God:    Sif Muna [***...]
Gold:   467        SH:  0    Dex: 23    Spells: 19/30 levels left

rFire    . . .     SeeInvis .   P - +1 dagger (venom)
rCold    . . .     Gourm    .   (no shield)
rNeg     . . .     Faith    .   a - +0 robe
rPois    .         Spirit   .   z - +0 helmet
rElec    .         Reflect  .   K - +0 cloak
rCorr    .         Harm     .   (no gloves)
MR       ++...                  (no boots)
Stlth    +++.......             E - amulet of Coen {Regen+ Dex+8}
HPRegen  0.57/turn              e - ring of wizardry
MPRegen  0.20/turn              s - ring of protection from magic

@: lethally poisoned (0 -> -9), slowed, very slow
A: no striking features
a: Divine Energy, Channel Magic, Renounce Religion


You were on level 8 of the Dungeon.
You worshipped Sif Muna.
Sif Muna was most pleased with you.
You were very hungry.

You visited 2 branches of the dungeon, and saw 9 of its levels.

You collected 467 gold pieces.

Inventory:

Hand Weapons
 m - a +0 short sword
 v - a +1 dagger of flaming
 P - a +1 dagger of venom (weapon)
Armour
 a - a +0 robe (worn)
 z - a +0 helmet (worn)
 K - a +0 cloak (worn)
Jewellery
 e - a ring of wizardry (left hand)
 q - an uncursed ring of wizardry
 s - a ring of protection from magic (right hand)
 C - an uncursed ring of ice
 E - the amulet of Coen (around neck) {Regen+ Dex+8}
   (You found it on level 6 of the Dungeon)

   [amulet of regeneration]

   It affects your dexterity (+8).
   It increases your rate of regeneration.
Wands
 w - a wand of lightning (3/15)
 F - a wand of lightning (6/15)
 M - a wand of iceblast (11/15)
 N - a wand of flame (38/48)
 O - a wand of digging (5/24)
Scrolls
 d - 2 scrolls of random uselessness {unknown}
 i - 8 scrolls of remove curse {unknown}
 k - 2 scrolls of blinking {unknown}
 n - a scroll of recharging {unknown}
 o - 10 scrolls of identify {unknown}
 t - a scroll of amnesia {unknown}
 u - 4 scrolls of teleportation {unknown}
 x - 2 scrolls of immolation {unknown}
 y - a scroll of noise {unknown}
 A - a scroll of magic mapping {unknown}
 B - 4 scrolls of enchant weapon {unknown}
 D - a scroll of fear {unknown}
Potions
 f - a potion of flight {unknown}
 h - 2 potions of heal wounds {unknown}
 l - 2 potions of haste {unknown}
 p - 5 potions of degeneration {unknown}
 H - 3 potions of might {unknown}
 I - a potion of berserk rage {unknown}
 J - a potion of agility {unknown}
Books
 b - a book of Flames

   Spells                             Type                      Level
   a - Flame Tongue                   Conjuration/Fire             1
   b - Throw Flame                    Conjuration/Fire             2
   c - Conjure Flame                  Conjuration/Fire             3
   d - Inner Flame                    Hexes/Fire                   3
   e - Sticky Flame                   Conjuration/Fire             4
   f - Fireball                       Conjuration/Fire             5
 G - a book of Necromancy

   Spells                             Type                      Level
   a - Pain                           Necromancy                   1
   b - Animate Skeleton               Necromancy                   1
   c - Vampiric Draining              Necromancy                   3
   d - Regeneration                   Charms/Necromancy            3
   e - Animate Dead                   Necromancy                   4
   f - Control Undead                 Necromancy                   4
Comestibles
 c - 6 bread rations
 g - 3 meat rations
 j - 9 fruits
 r - a royal jelly
 L - 2 chunks of flesh


   Skills:
 + Level 1.7 Fighting
 + Level 2.3 Short Blades
 + Level 5.0 Dodging
 + Level 4.8 Stealth
 + Level 10.8 Spellcasting
 + Level 7.5 Conjurations
 + Level 9.5 Fire Magic


You had 19 spell levels left.
You knew the following spells:

 Your Spells              Type           Power        Failure   Level  Hunger
a - Flame Tongue          Conj/Fire      #####        1%          1    None
b - Throw Flame           Conj/Fire      ######       1%          2    None
c - Conjure Flame         Conj/Fire      ######..     1%          3    None
d - Fireball              Conj/Fire      ######....   1%          5    ####...


Dungeon Overview and Level Annotations

Branches:
Dungeon (8/15)             Temple (1/1) D:6
   Lair: D:8-11

Altars:
Ashenzari
Cheibriados
Dithmenos
Elyvilon
Fedhas
Gozag
Hepliaklqana
Kikubaaqudgha
Makhleb
Nemelex Xobeh
Okawaru
Qazlal
Ru
Sif Muna
Trog
Uskayaw
Vehumet
Wu Jian
Xom
Yredelemnul
Zin
The Shining One

Shops:
D:6 (

Annotations:
D:3 1 transporter
D:8 tof's ghost, novice TrGl


Message History

You feel yourself slow down.
You feel yourself speed up.
You feel sick. The hornet stings you.
You are more poisoned.
You suddenly lose the ability to move!
You feel sick. The hornet stings you!
You feel yourself slow down.
You can move again.
You feel yourself speed up.
You feel very sick. The hornet stings you.
You shrug off the repeated paralysis!
The hornet completely misses you.
You feel sick.
You feel sick. The hornet stings you!
* * * LOW HITPOINT WARNING * * *
You feel yourself slow down.
You feel sick. The hornet stings you!
* * * LOW HITPOINT WARNING * * *
You are more poisoned.
You feel as though you will be slow longer.
You die...

######################## ##
#.......(....#.......... #y#
##............#..........
##.#.#............#.........(
#.#.##............#..........
#†#.#......a.....#..........
#?#.##..####y####+#######.##'
###.##..####.####.####.##'##.
#..#......#.@..............#.
##.#......#................#.
#......).#................#.
####.....#..<....>........#.
#####'##........##....##.
#.....##...####'##....##.
#.....##...##...##.....#.
#.........>......#.....#.
#................#...[.#.


You could see a soldier ant and a hornet.

Vanquished Creatures
  Grinder (D:3)
  A hornet (D:8)
  2 hippogriffs (D:7)
  Eustachio (D:6)
  A water moccasin (D:8)
  2 ice beasts
  An orc warrior (D:7)
  3 phantoms
  A black bear (D:8)
  5 ogres
  A necrophage (D:6)
  A centaur (D:7)
  4 bullfrogs
  2 scorpions
  7 wights
  The ghost of esteth the Magician, a weakling GnWz (D:3)
  3 howler monkeys
  4 hounds
  A bullfrog skeleton (D:5)
  3 jellies
  3 orc priests
  Crazy Yiuf (D:6)
  5 orc wizards
  Terence (D:2)
  4 iguanas
  Natasha (thrice) (D:3)
  Ijyb (D:5)
  7 worker ants
  2 worker ant zombies
  4 gnolls (D:5)
  14 adders
  3 shadow imps
  2 oozes
  An adder skeleton (D:4)
  2 worms
  4 leopard geckos
  28 orcs
  4 bats
  4 giant cockroaches
  9 goblins
  10 hobgoblins
  4 jackals (D:2)
  4 quokkas
  A ball python (D:3)
  A frilled lizard (D:2)
  5 kobolds
  3 rats (D:3)
175 creatures vanquished.

Notes
Turn   | Place    | Note
-------+----------+-------------------------------------------
     0 | D:1      | nikopol the Deep Elf Fire Elementalist began the quest for the Orb.
     0 | D:1      | Reached XP level 1. HP: 10/10 MP: 6/6
   222 | D:1      | Reached XP level 2. HP: 15/15 MP: 5/8
   520 | D:2      | Reached XP level 3. HP: 17/19 MP: 4/9
   598 | D:2      | Noticed Terence
   609 | D:2      | Learned a level 2 spell: Throw Flame
   613 | D:2      | Learned a level 3 spell: Conjure Flame
   713 | D:2      | Found a stormy altar of Qazlal.
   758 | D:2      | Killed Terence
   758 | D:2      | Reached XP level 4. HP: 24/24 MP: 0/11
   917 | D:2      | Found a blossoming altar of Fedhas.
  1410 | D:3      | Noticed esteth's ghost (weakling GnWz)
  1922 | D:3      | Noticed Grinder
  2120 | D:3      | Reached skill level 4 in Spellcasting
  2120 | D:3      | Reached XP level 5. HP: 21/28 MP: 5/13
  2393 | D:3      | Noticed Natasha
  2398 | D:3      | Killed Natasha
  2398 | D:3      | Reached skill level 5 in Fire Magic
  2441 | D:3      | Noticed Natasha
  2443 | D:3      | Killed Natasha
  2467 | D:3      | Noticed Natasha
  2469 | D:3      | Killed Natasha
  2584 | D:3      | Reached skill level 5 in Spellcasting
  2584 | D:3      | Reached XP level 6. HP: 20/32 MP: 9/15
  2811 | D:3      | Killed Grinder
  2947 | D:3      | Killed esteth's ghost
  2947 | D:3      | Reached skill level 6 in Spellcasting
  3048 | D:3      | Reached XP level 7. HP: 36/36 MP: 16/18
  3245 | D:3      | Found a sparkling altar of Nemelex Xobeh.
  3245 | D:3      | Found a transporter.
  3359 | D:3      | Found a deep blue altar of Sif Muna.
  3370 | D:3      | Became a worshipper of Sif Muna the Loreminder
  3383 | D:3      | Learned a level 5 spell: Fireball
  4427 | D:5      | Entered Level 5 of the Dungeon
  4434 | D:5      | Reached skill level 7 in Spellcasting
  4631 | D:5      | Reached XP level 8. HP: 40/42 MP: 17/20
  4807 | D:5      | Noticed Ijyb
  4811 | D:5      | Killed Ijyb
  4950 | D:5      | Reached * piety under Sif Muna
  4950 | D:5      | Reached skill level 5 in Conjurations
  5199 | D:5      | Reached skill level 1 in Fighting
  5199 | D:5      | Reached skill level 8 in Spellcasting
  5622 | D:6      | Found Avoridwo's Antique Weapon Shoppe.
  5728 | D:6      | Noticed Eustachio
  5758 | D:6      | Killed Eustachio
  5971 | D:6      | Got a shimmering steel amulet
  5972 | D:6      | Identified the amulet of Coen {Regen+ Dex+8} (You found it on level 6 of the Dungeon)
  5998 | D:6      | Reached ** piety under Sif Muna
  6098 | D:6      | Found a staircase to the Ecumenical Temple.
  6105 | Temple   | Entered the Ecumenical Temple
  6546 | D:6      | Reached skill level 1 in Short Blades
  6546 | D:6      | Reached XP level 9. HP: 45/47 MP: 19/23
  6657 | D:6      | Found a runed door.
  6661 | D:6      | Noticed Crazy Yiuf
  6664 | D:6      | Killed Crazy Yiuf
  6920 | D:7      | Reached skill level 9 in Spellcasting
  7688 | D:7      | Found an opulent altar of Gozag.
  7771 | D:7      | Reached skill level 10 in Spellcasting
  8257 | D:8      | Noticed tof's ghost (novice TrGl)
  8332 | D:8      | Reached skill level 5 in Dodging
  8664 | D:8      | Reached *** piety under Sif Muna
  8674 | D:8      | Reached XP level 10. HP: 52/53 MP: 6/26
  9151 | D:8      | Paralysed by a hornet for 2 turns
  9156 | D:8      | HP: 1/53 [hornet (11)]
  9157 | D:8      | Succumbed to a hornet's poison

Vault maps used:
D:1:      sevenhm_arrival_forest_fort_small_4
D:2:      fedhas_altar_4, lemuel_doored_altar, uniq_terence
D:3:      overflow_temple_1_default, grunt_nemelex_the_gamble, uniq_natasha,
          uniq_grinder
D:4:      first_bread
D:5:      minmay_tree_intersection, uniq_ijyb
D:6:      temple_green, serial_shops, nicolae_shop_trees,
          uniq_crazy_yiuf_cottage, uniq_eustachio
D:7:      nicolae_gozag_seed_capital, minmay_liquid_box
D:8:      hangedman_pestilent_swarm
Temple:   regret_index_temple_mists

Skill      XL: |  1  2  3  4  5  6  7  8  9 |
---------------+----------------------------+-----
Fire Magic     | 4 5 6 8 9 |  9.5
Stealth        | 3 4 |  4.8
Conjurations   | 2 3 4 6 7 |  7.5
Spellcasting   | 4 5 6 7 8 10 | 10.8
Dodging        | 3 5 |  5.0
Fighting       | 1 |  1.7
Short Blades   | 1 2 |  2.3

Action                   |  1- 3 |  4- 6 |  7- 9 | 10-12 || total
-------------------------+-------+-------+-------+-------++-------
Melee: Short sword       |       |     4 |       |       ||     4
       Dagger            |       |       |   227 |       ||   227
 Cast: Flame Tongue      |    48 |   104 |   334 |    13 ||   499
       Conjure Flame     |     1 |     4 |    17 |     3 ||    25
       Throw Flame       |       |     8 |    25 |       ||    33
       Fireball          |       |       |     9 |     4 ||    13
  Eat: Chunk             |       |     7 |    15 |     1 ||    23
       Royal jelly       |       |       |     2 |       ||     2
Armor: Robe              |     2 |       |    53 |       ||    55
Dodge: Dodged            |     6 |    22 |   226 |     3 ||   257

Table legend:
 A = Spawn XP
 B = Non-spawn XP
 C = Spawn XP percentage of total XP
 D = Spawn monster count
 E = Non-spawn monster count
 F = Spawn count percentage of total count
 G = Total turns spent on level
                    A         B        C        D         E        F      G
               +---------+---------+-------+---------+---------+-------+---------
         Total |       0 |    6041 |   0.0 |       0 |     175 |   0.0 |  9157
               +---------+---------+-------+---------+---------+-------+---------
           D:1 |       0 |      24 |   0.0 |       0 |      10 |   0.0 |   432
           D:2 |       0 |      99 |   0.0 |       0 |      22 |   0.0 |  1472
           D:3 |       0 |     639 |   0.0 |       0 |      33 |   0.0 |  1512
           D:4 |       0 |     473 |   0.0 |       0 |      20 |   0.0 |  1021
           D:5 |       0 |    1017 |   0.0 |       0 |      30 |   0.0 |  1297
           D:6 |       0 |     701 |   0.0 |       0 |       9 |   0.0 |  1107
           D:7 |       0 |    1766 |   0.0 |       0 |      28 |   0.0 |  1361
           D:8 |       0 |    1322 |   0.0 |       0 |      23 |   0.0 |   842
               +---------+---------+-------+---------+---------+-------+---------
